 Dungeon Crawl Stone Soup version 0.30-a0-824-g6c64550be9 (webtiles) character file.

Game seed: 16954018366797220175

0 Duck the Ducker (level 1, -2/10 HPs)
             Began as a Felid Berserker on Feb 28, 2023.
             Was a Follower of Trog.
             Slain by a quokka (4 damage)
             ... on level 1 of the Dungeon.
             The game lasted 00:03:25 (32 turns).

Duck the Ducker (Felid Berserker)                     Turns: 32, Time: 00:03:25

Health: -2/10      AC:  1    Str: 13    XL:     1   Next: 8%
Magic:  2/2        EV: 18    Int:  8    God:    Trog [*.....]
Gold:   13         SH:  0    Dex: 15    Spells: 0/0 levels left
                                        Lives:  0   Deaths: 0

rFire   . . .      SeeInvis +      - Unarmed
rCold   . . .      Faith    .    (shield unavailable)
rNeg    . . .      Spirit   .    (body armour unavailable)
rPois   .          Reflect  .    (helmet unavailable)
rElec   .          Harm     .    (cloak unavailable)
rCorr   .          Rampage  .    (gloves unavailable)
Will    .....                    (boots unavailable)
Stlth   +                        (no amulet)
HPRegen 0.21/turn                (no ring)
MPRegen 0.08/turn                (no ring)

@: quick
A: very small, claws 1, fangs 3, see invisible, speed 1, shaggy fur 1, stealthy
paws, no weapons or thrown items, no armour, multi-lived
a: Renounce Religion, Berserk


You were on level 1 of the Dungeon.
You worshipped Trog.
Trog was aware of your devotion.
You visited 1 branch of the dungeon, and saw 1 of its levels.

You collected 13 gold pieces.

You aren't carrying anything.


   Skills:
 - Level 3.0 Fighting
 * Level 4.0 Dodging
 + Level 0.0 Stealth
 * Level 3.0 Unarmed Combat


You couldn't memorise any spells.
You didn't know any spells.
Your spell library was empty.

Dungeon Overview and Level Annotations

Branches:
Dungeon (1/15)

Altars:


Innate Abilities, Weirdness & Mutations

You have sharp claws.
You have razor-sharp teeth.
You have supernaturally acute eyesight. (SInv)
You cover ground quickly. (Speed+)
You are covered in fur. (AC +1)
Your paws help you pounce on unaware monsters.
You are incapable of wielding weapons or throwing items.
You cannot wear armour.
You gain extra lives every three experience levels.


Message History

Press ? for a list of commands and other information.
Found a fizzy orange potion.
Found an escape hatch in the floor.
Found a staircase leading out of the dungeon.
A frilled lizard comes into view.
The frilled lizard hisses angrily.
You see here 13 gold pieces.
You scratch the frilled lizard.
The frilled lizard is heavily wounded.
The frilled lizard misses you.
You claw the frilled lizard!
You kill the frilled lizard!
Trog accepts your kill.
Your library has no spells.
You aren't carrying any pieces of jewellery.
You now have 13 gold pieces.
Your movement speed is quick.
Your attack delay is about 0.9.
Your damage rating with unarmed combat is about 9 (Base [5 + 3 (UC)] x 107% (Str) x 105% (Fight)).
A quokka comes into view.
Found 5 gold pieces.
The quokka barely misses you.
You scratch the quokka but do no damage.
The quokka bites you.
You scratch the quokka but do no damage.
The quokka completely misses you.
You scratch the quokka.
The quokka is almost dead.
The quokka bites you.
Ouch! That really hurt!
You are too injured to fight recklessly!
You barely miss the quokka.
The quokka is almost dead.
The quokka bites you.
* * * LOW HITPOINT WARNING * * *
You barely miss the quokka.
The quokka is almost dead.
The quokka barely misses you.
You closely miss the quokka.
The quokka is almost dead.
The quokka bites you.
You die...

#.###...####.#
##.##.........###
#................
#####..##.....###.##
.......##.###.#...#
#####......# #.....#
......#.##.###.#...#
###.....#.....##..#
#...@.#####.....##
.......r.#####.8....####
.###.....##≈≈≈..........
#.....##§≈≈≈........#
###.####§§≈§.<8..8..# #.
#§≈≈≈.......## .$
#≈≈≈.......## ##
####.8....## #.....##


You could see a quokka.

Vanquished Creatures
  A frilled lizard (D:1)
1 creature vanquished.

Notes
Turn   | Place    | Note
-------+----------+-------------------------------------------
     0 | D:1      | Duck the Felid Berserker began the quest for the Orb.
     0 | D:1      | Reached XP level 1. HP: 10/10 MP: 2/2
    32 | D:1      | Slain by a quokka

Illustrated notes

Levels and vault maps discovered:
D:1:      grunt_arrival_lava_bath, layout_loops_ring

Action                     || total
---------------------------++-------
  Melee: Unarmed           ||     8
  Dodge: Dodged            ||     4

Table legend: (Time is in decaauts)
 A = Elapsed time spent in this place.
 B = Non-inter-level travel time spent in this place.
 C = Inter-level travel time spent in this place.
 D = Time resting spent in this place.
 E = Time spent auto-exploring this place.
 F = Levels seen in this place.
 G = Mean time per level.
                   A        B        C        D        E       F      G
               +--------+--------+--------+--------+--------+-----+--------+
         Total |     26 |     26 |      0 |      0 |     10 |   1 |   26.0 |
       Dungeon |     26 |     26 |      0 |      0 |     10 |   1 |   26.0 |
               +--------+--------+--------+--------+--------+-----+--------+

Top non-repeatable levels by time:
     D:1: 26 daAuts
